Map: Kairos Junction LE

Players

soO

  • Race: Zerg Zerg
  • Spawn Location: 5:00

llllllllllll (Stats) - Winner!

  • Race: Protoss Protoss
  • League: Grandmaster
  • Spawn Location: 11:00

Event: HomeStory Cup XIX

VOD

Have the link to the VOD?

Description

Time

  • Played on: June 30, 2019, 9:15 a.m.
  • Length: 12:44

All games in this series

Show
View Real Time Build Order
Export as new Build Order

soO Zerg 

Build Orders: Hatch First 

Get SALT Encoding   

  12  0:00  Drone  
  13  0:12  Overlord  
  13  0:17  Drone  
  14  0:30  Drone x2  
  14  0:34  Drone  
  18  0:57  Drone  
  18  1:08  Drone  
  18  1:11  Hatchery  
  18  1:16  Extractor  
  18  1:18  Drone  
  18  1:20  Spawning Pool  
  18  1:24  Drone  
  18  1:31  Drone  
  19  1:43  Drone  
  20  1:53  Overlord  
  20  2:07  Queen  
  22  2:13  Zergling x4  
  24  2:18  Metabolic Boost  
  24  2:22  Queen  
  26  2:23  Drone  
  26  2:24  Drone  
  28  2:34  Drone  
  28  2:36  Drone  
  30  2:39  Extractor  
  30  2:43  Drone  
  30  2:45  Drone  
  31  2:54  Hatchery  
  31  2:58  Drone  
  31  3:00  Drone  
  31  3:04  Drone  
  32  3:07  Drone  
  33  3:14  Overlord  
  33  3:15  Queen  
  33  3:18  Drone  
  36  3:25  Overlord  
  36  3:34  Drone x4  
  40  3:38  Drone x2  
  40  3:39  Overlord  
  42  3:45  Drone  
  42  3:46  Drone  
  44  3:50  Queen  
  44  3:55  Drone  
  47  3:58  Zergling x4  
  47  3:59  Drone  
  49  4:05  Drone  
  49  4:06  Drone x2  
  52  4:13  Drone x2  
  52  4:16  Roach Warren  
  53  4:19  Drone  
  53  4:21  Extractor  
  53  4:23  Drone x2  
  53  4:24  Overlord, Extractor  
  54  4:26  Drone  
  54  4:30  Zergling x6  
  54  4:31  Overlord  
  58  4:35  Overlord  
  58  4:52  Zergling x2  
  58  4:53  Zergling x2  
  58  4:56  Overlord  
  58  4:58  Roach x7  
  75  5:07  Roach x3  
  75  5:12  Overlord  
  79  5:17  Overlord  
  79  5:20  Zergling x10  
  84  5:22  Ravager x3  
  84  5:26  Overlord  
  87  5:31  Zergling x4  
  89  5:37  Ravager  
  89  5:38  Zergling x6, Roach x2  
  96  5:43  Zergling x6  
  96  5:46  Ravager  
  100  5:50  Zergling x2  
  100  5:51  Zergling x6  
  100  5:56  Ravager  
  105  5:57  Zergling x6  
  108  6:10  Roach x3  
  110  6:13  Roach x2  
  110  6:14  Roach  
  98  6:19  Zergling x4, Roach  
  96  6:26  Zergling x12, Ravager  
  103  6:35  Roach x2  
  103  6:38  Overlord  
  107  6:44  Overlord  
  107  6:47  Overlord  
  107  6:54  Overlord x2  
  107  6:59  Roach, Ravager x2  
  107  7:00  Roach  
  107  7:01  Overlord x2  
  113  7:07  Roach, Zergling x8  
  119  7:11  Zergling x2, Roach  
  119  7:14  Zergling x4  
  121  7:19  Zergling x6  
  121  7:21  Zergling x2  
  121  7:22  Ravager x2  
  125  7:28  Zergling x6  
  126  7:38  Zergling x6  
  126  7:40  Zergling x2  
  130  7:47  Zergling x10  
  134  7:54  Ravager x3  
  136  7:59  Zergling x6  
  136  8:04  Zergling x2  
  122  8:12  Roach, Zergling x6  
  116  8:14  Roach  
  116  8:16  Roach  
  116  8:19  Roach x2  
  112  8:21  Roach  
  112  8:22  Zergling x6  
  112  8:23  Zergling x4  
  112  8:30  Ravager x2  
  114  8:36  Zergling x6  
  114  8:40  Zergling x4  
  116  8:45  Zergling x8  
  116  8:46  Ravager  
  117  8:52  Zergling x2  
  117  8:54  Zergling x2, Ravager  
  120  8:58  Roach  
  118  9:05  Zergling x4, Roach x2  
  118  9:07  Zergling x2  
  116  9:12  Roach  
  116  9:14  Zergling x2  
  116  9:15  Roach  
  116  9:17  Zergling x2  
  109  9:18  Zergling x4  
  109  9:21  Lair  
  109  9:23  Zergling x2  
  99  9:27  Drone x6  
  105  9:40  Extractor, Drone x6  
  105  9:43  Roach x5  
  120  9:55  Roach x5  
  129  10:12  Roach x8  
  141  10:22  Glial Reconstitution  
  141  10:26  Drone  
  141  10:27  Drone x3  
  145  10:29  Overseer, Extractor  
  144  10:39  Drone x3  
  147  10:45  Overlord  
  147  10:52  Roach x7  
  161  10:58  Ravager  
  161  10:59  Overlord  
  162  11:11  Hatchery  
  162  11:16  Roach x4  
  169  11:22  Overlord  
  169  11:24  Overlord  
  168  11:26  Ravager x2  
  170  11:33  Roach x3  
  170  11:37  Overlord  
  170  11:39  Overlord  
  173  11:42  Roach x6  
  185  11:56  Roach x4  
  185  11:57  Roach x3  
  185  11:59  Overseer  
  199  12:02  Overseer  
  199  12:11  Roach  
  199  12:12  Roach x2  
  176  12:16  Roach  
  176  12:17  Roach x4  
  176  12:18  Roach  
  176  12:20  Roach x2  
  165  12:22  Roach  
  165  12:23  Roach  
Show
View Real Time Build Order
Export as new Build Order

llllllllllll Protoss - Winner!

Build Orders: 1 Gate Expand, Archon Immortal 

Get SALT Encoding   

  12  0:00  Probe  
  13  0:12  Probe  
  14  0:19  Pylon  
  14  0:24  Probe  
  15  0:33  Probe  
  15  0:41  Probe  
  16  0:43  Gateway  
  16  0:47  Assimilator  
  17  0:51  Probe  
  18  0:58  Pylon  
  18  1:03  Probe  
  19  1:17  Probe  
  20  1:32  Nexus  
  20  1:42  Cybernetics Core  
  20  1:45  Probe  
  21  1:51  Assimilator  
  21  1:57  Probe  
  21  2:00  Pylon  
  22  2:09  Adept, Probe  
  23  2:21  Probe  
  26  2:22  Robotics Facility  
  26  2:33  Probe  
  26  2:37  Warp Gate  
  27  2:40  Probe, Stalker  
  27  2:41  Probe  
  29  2:48  Probe  
  29  2:50  Probe  
  33  2:58  Probe  
  33  3:00  Probe  
  33  3:01  Warp Prism  
  35  3:10  Probe  
  35  3:12  Probe  
  39  3:18  Pylon  
  39  3:23  Probe  
  39  3:24  Probe  
  41  3:33  Gateway  
  41  3:34  Immortal  
  41  3:35  Sentry  
  41  3:36  Probe x2  
  45  3:48  Probe x2  
  50  3:53  Pylon  
  50  3:55  Assimilator  
  51  4:02  Immortal  
  51  4:06  Probe x2  
  57  4:25  Gateway  
  57  4:26  Gateway  
  57  4:27  Gateway  
  57  4:28  Pylon  
  57  4:35  Immortal  
  57  4:38  Pylon  
  61  4:48  Sentry x2  
  65  4:53  Gateway  
  65  4:54  Probe x2, Gateway  
  65  4:57  Assimilator  
  67  5:06  Pylon x2  
  67  5:11  Observer  
  67  5:16  Sentry x2  
  67  5:19  Sentry  
  74  5:27  Adept, Zealot  
  78  5:30  Probe  
  78  5:33  Pylon x2  
  79  5:41  Zealot x2  
  79  5:42  Zealot  
  85  5:47  Zealot x3  
  85  5:48  Zealot  
  93  5:55  Probe  
  94  5:59  Pylon  
  94  6:06  Zealot x3  
  84  6:23  Stalker x3  
  84  6:26  Zealot x3  
  84  6:28  Sentry  
  92  6:36  Forge  
  92  6:37  Twilight Council  
  92  6:52  Zealot x3, Stalker  
  92  6:54  Zealot x2  
  92  6:55  Zealot x3  
  92  6:58  Pylon  
  102  7:05  Protoss Ground Weapons Level 1  
  102  7:07  Adept x2  
  106  7:10  Charge  
  106  7:17  Templar Archives  
  106  7:21  Zealot x2  
  108  7:23  Zealot  
  110  7:30  Cybernetics Core  
  110  7:55  High Templar x3  
  113  8:00  Archon  
  113  8:01  High Templar  
  113  8:02  Zealot x3  
  107  8:06  Archon  
  107  8:12  Immortal  
  64  8:28  Zealot x6  
  72  8:47  High Templar  
  74  8:49  High Templar x3  
  74  8:50  Zealot x3  
  86  8:56  Archon, Gateway  
  86  8:57  Archon  
  86  8:59  Gateway  
  74  9:11  Zealot x3  
  74  9:14  Protoss Ground Weapons Level 2  
  70  9:21  Zealot x3  
  70  9:26  Immortal  
  70  9:32  High Templar x2  
  78  9:43  Archon  
  78  9:47  Zealot x4  
  86  9:58  Observer  
  86  10:06  Nexus  
  87  10:08  Pylon  
  87  10:17  Cybernetics Core, Immortal  
  88  10:38  Nexus  
  88  10:39  High Templar x4  
  88  10:41  Pylon  
  96  10:44  Archon x2, Zealot  
  96  10:45  Zealot  
  100  10:58  Sentry  
  100  10:59  Sentry  
  104  11:14  Immortal  
  108  11:22  Shield Battery  
  108  11:24  Shield Battery x2  
  108  11:27  Sentry x2  
  112  11:45  Immortal  
  112  11:51  Sentry  
  112  11:53  Sentry  
  120  11:55  Shield Battery  
  120  11:57  Shield Battery  
  120  12:01  Zealot x2  
  120  12:06  Zealot  
  120  12:18  Zealot x3  
  112  12:23  Zealot  
  112  12:29  Zealot x2  
  98  12:36  Zealot x2  
Tags
 
Add a new tag
Caveats
  • Supply blocks, unpowered buildings, or Contaminate may cause inaccurate times.
  • Supply counts are checked every 10 seconds.